 Dungeon Crawl Stone Soup version 0.27-a0-550-ge92ec0ca06 (webtiles) character file.

Game seed: 12326037850493727005

5791 siradein the Carver (level 10, -8/73 HPs)
             Began as a Demonspawn Gladiator on Mar 7, 2021.
             Was a Believer of Makhleb.
             Killed from afar by a wretched star (16 damage)
             ... with a lance of force
             ... on level 1 of the Abyss.
             The game lasted 00:22:31 (11613 turns).

siradein the Carver (Demonspawn Gladiator)         Turns: 11613, Time: 00:22:32

Health: -8/73      AC: 18    Str: 12      XL:     10   Next: 50%
Magic:  0/23       EV:  4    Int:  5      God:    Makhleb [**....]
Gold:   368        SH:  5    Dex: 15 (17) Spells: 9/9 levels left

rFire    . . .     SeeInvis .   D - +6 long sword
rCold    . . .     Faith    .   g - +0 buckler
rNeg     . . .     Spirit   +   u - +0 plate armour
rPois    .         Reflect  .   a - +1 helmet
rElec    .         Harm     .   w - +0 cloak
rCorr    .         Rampage  .   y - +0 pair of gloves
Will     .....                  (no boots)
Stlth    ..........             C - amulet of guardian spirit
HPRegen  0.22/turn              q - ring of magical power
MPRegen  0.18/turn              (no ring)

@: no status effects
A: claws 2, thin metallic scales 2, [blurry vision 2], demonic guardian 2,
[deterioration 2], [dopey 2], [screaming 2], spiny 2, [weak 2], [subdued magic
2]
a: Renounce Religion, Minor Destruction


You were on level 1 of the Abyss.
You worshipped Makhleb.
Makhleb was pleased with you.
You visited 2 branches of the dungeon, and saw 10 of its levels.
You visited the Abyss 2 times.

You collected 368 gold pieces.

Inventory:

Hand Weapons
 D - a +6 long sword (weapon)
Missiles
 d - 3 throwing nets
 p - 38 poisoned darts (quivered)
Armour
 a - a +1 helmet (worn)
 g - a +0 buckler (worn)
 u - a +0 plate armour (worn)
 w - a +0 cloak (worn)
 y - a +0 pair of gloves (worn)
Jewellery
 q - a ring of magical power (left hand)
 C - an amulet of guardian spirit (around neck)
Wands
 n - a wand of acid (5)
 v - a wand of polymorph (13)
Scrolls
 b - a scroll of amnesia
 f - 4 scrolls of teleportation
 r - 5 scrolls of identify
 s - 2 scrolls of random uselessness {unknown}
 x - a scroll of enchant armour {unknown}
 z - a scroll of magic mapping
 A - a scroll of blinking {unknown}
 B - a scroll of acquirement {unknown}
Potions
 e - 5 potions of heal wounds {unknown}
 h - 2 potions of mutation {unknown}
 i - 3 potions of lignification
 j - 2 potions of degeneration {unknown}
 k - 2 potions of attraction {unknown}
 l - a potion of ambrosia {unknown}
 m - a potion of berserk rage {unknown}
 o - 2 potions of curing {unknown}
 t - 3 potions of brilliance {unknown}


   Skills:
 + Level 4.4 Fighting
 + Level 11.7 Long Blades
 - Level 1.7 Throwing
 + Level 3.3 Armour
 + Level 4.6 Dodging
 + Level 3.4 Shields
 + Level 6.5 Invocations


You had 9 spell levels left.
You didn't know any spells.
Your spell library contained the following spells:

 Spells                   Type           Power      Damage    Failure   Level
 Beastly Appendage        Tmut           0%         N/A       100%        1
 Corona                   Hex            0%         N/A       100%        1
 Freeze                   Ice            0%         1d3       100%        1
 Slow                     Hex            0%         N/A       100%        2
 Wereblood                Tmut           0%         N/A       100%        2
 Frozen Ramparts          Ice            0%         1d2       100%        3
 Inner Flame              Hex/Fire       0%         N/A       100%        3
 Ozocubu's Armour         Ice            0%         N/A       100%        3
 Portal Projectile        Hex/Tloc       0%         N/A       100%        3
 Spider Form              Tmut/Pois      0%         N/A       100%        3
 Cause Fear               Hex            0%         N/A       100%        4
 Hailstorm                Conj/Ice       0%         3d3       100%        4
 Ice Form                 Ice/Tmut       0%         N/A       100%        4
 Leda's Liquefaction      Hex/Erth       0%         N/A       100%        4
 Summon Ice Beast         Ice/Summ       0%         N/A       100%        4
 Blade Hands              Tmut           0%         N/A       100%        5


Dungeon Overview and Level Annotations

Branches:
Dungeon (9/15)             Temple (1/1) D:6            Lair (0/6) D:8
    Orc: D:9-12

Altars:
Ashenzari
Cheibriados
Dithmenos
Elyvilon
Gozag
Hepliaklqana
Kikubaaqudgha
Makhleb
Nemelex Xobeh
Qazlal
Ru
Sif Muna
Trog
Vehumet
Wu Jian
Yredelemnul
Zin
The Shining One

Annotations:
D:9 Erolcha


Innate Abilities, Weirdness & Mutations

You have very sharp fingernails.
You are mostly covered in thin metallic scales. (AC +3)
A demonic guardian rushes to your aid.
You are mostly covered in sharp spines.
[Scrolls take you longer to read.]
[Your body often deteriorates upon taking damage.]
[You are very dopey. (Int -4)]
[You sometimes yell uncontrollably at your foes.]
[You are very weak. (Str -4)]
[Your spells are easier to cast, but less powerful.]


Message History

The wretched star pulses with an eldritch light!
Your vision blurs. x2; Your connection to magic feels subdued.
Your connection to magic feels more subdued.
The wretched star glows turbulently.
The lance of force hits you!!
A demonic guardian appears!
You are knocked back by the lance of force.
You slam into the rock wall!
Your orange demon stings the wretched star but does no damage.
You hit the wretched star but do no damage.
The wretched star glows turbulently.
The lance of force hits you!
You are knocked back by the lance of force.
You slam into the rock wall!
You closely miss the wretched star.
The wretched star glows turbulently.
You block the lance of force.
Your orange demon stings the wretched star from afar!
You hit the wretched star.
The wretched star is lightly damaged.
The wretched star pulses with an eldritch light!
You feel stupid. x2; You feel weaker. x2
Your orange demon twists and deforms.
Your orange demon barely misses the wretched star.
You hit the wretched star.
The wretched star is moderately damaged.
The wretched star glows turbulently.
The lance of force hits you!
Your body deteriorates!
You feel clumsy.
You are knocked back by the lance of force.
You slam into the rock wall!
The wretched star glows turbulently.
The lance of force hits you!
* * * LOW HITPOINT WARNING * * *
You are knocked back by the lance of force.
You slam into the rock wall!
* * * LOW HITPOINT WARNING * * *
Your body deteriorates!
You feel clumsy.
The wretched star glows turbulently.
The lance of force hits you!!
You die...

#....# ## .###
#..*..
#####.#.#.####
#....####....#
#(###*###[##.#
####.#
#.....##.#
.....#####.#.
# #...@.*.#
.###
##.####..# .#
#.. ###..# .
.. #.#..# ## #
. ..... ...
... #..######
#### ##..# #
...#..# # . .
.. #


You could see a wretched star.

Vanquished Creatures
  Joseph (D:8)
  Prince Ribbit (D:5)
  A hornet (D:8)
  Grinder (D:5)
  5 yaks
  Grum (D:8)
  Edmund (D:5)
  2 wargs (D:8)
  An ice beast (D:8)
  4 orc warriors
  2 sky beasts
  A necrophage (D:6)
  2 ogres (D:3)
  4 wolves (D:8)
  A centaur (D:4)
  A phantom (D:6)
  A small abomination (Abyss:2)
  A gnoll sergeant (D:5)
  A kobold brigand (D:8)
  3 bullfrogs
  A wyvern zombie (D:8)
  3 scorpions
  2 wights (D:8)
  5 howler monkeys
  A bullfrog zombie (D:4)
  2 hounds (D:7)
  A jelly (D:9)
  A bullfrog skeleton (D:2)
  A centaur skeleton (D:6)
  10 orc priests
  An iguana (D:5)
  14 orc wizards
  5 worker ants
  A hound zombie (D:5)
  2 hound skeletons
  A worker ant zombie (D:7)
  Robin (D:4)
  8 gnolls
  8 adders
  A shadow imp (D:5)
  3 white imps
  An ufetubus (D:6)
  5 worms
  4 leopard geckos
  41 orcs
  6 giant cockroaches
  17 goblins
  7 hobgoblins
  3 jackals (D:1)
  10 kobolds
  4 quokkas
  A ball python (D:1)
  13 bats
  6 frilled lizards
  A leopard gecko skeleton (D:4)
  A quokka zombie (D:8)
  6 rats
233 creatures vanquished.

Vanquished Creatures (collateral kills)
  An orc warrior (D:7)
  A wight (D:8)
2 creatures vanquished.

Vanquished Creatures (others)
  An orc wizard (D:7)
1 creature vanquished.

Grand Total: 236 creatures vanquished

Notes
Turn   | Place    | Note
-------+----------+-------------------------------------------
     0 | D:1      | siradein the Demonspawn Gladiator began the quest for the
                  | Orb.
     0 | D:1      | Reached XP level 1. HP: 16/16 MP: 1/1
    37 | D:1      | Reached skill level 3 in Long Blades
   200 | D:1      | Gained mutation: You have sharp fingernails. [demonic
                  | ancestry]
   200 | D:1      | Reached XP level 2. HP: 20/22 MP: 2/2
   770 | D:2      | Gained mutation: You are partially covered in thin metallic
                  | scales. (AC +2) [demonic ancestry]
   770 | D:2      | Reached XP level 3. HP: 21/27 MP: 3/3
   953 | D:2      | Reached skill level 4 in Long Blades
  1116 | D:2      | Gained mutation: You are partially covered in sharp spines.
                  | [demonic ancestry]
  1116 | D:2      | Reached XP level 4. HP: 29/33 MP: 4/4
  1154 | D:2      | Found a basalt altar of Yredelemnul.
  1295 | D:2      | Found a shadowy altar of Dithmenos.
  1302 | D:2      | You fall into a shaft and drop 2 floors!
  1302 | D:4      | Noticed an ogre
  1304 | D:4      | Noticed an ogre
  1771 | D:3      | Reached skill level 5 in Long Blades
  1801 | D:3      | Gained mutation: You are mostly covered in thin metallic
                  | scales. (AC +3) [demonic ancestry]
  1801 | D:3      | Reached XP level 5. HP: 36/38 MP: 5/5
  1890 | D:3      | HP: 1/38 [orc priest/nerve-wracking pain (2)]
  2868 | D:3      | Reached skill level 6 in Long Blades
  3336 | D:4      | Gained mutation: You are mostly covered in sharp spines.
                  | [demonic ancestry]
  3336 | D:4      | Reached XP level 6. HP: 44/44 MP: 6/6
  3630 | D:3      | Reached skill level 7 in Long Blades
  4134 | D:4      | Reached XP level 7. HP: 50/50 MP: 7/7
  4238 | D:4      | Found an opulent altar of Gozag.
  4280 | D:4      | Noticed Robin
  4296 | D:4      | Killed Robin
  4325 | D:4      | Reached skill level 8 in Long Blades
  4713 | D:5      | Entered Level 5 of the Dungeon
  4810 | D:5      | Found a shimmering blue altar of Sif Muna.
  4882 | D:5      | Noticed Edmund
  4919 | D:5      | Found a bloodstained altar of Trog.
  4983 | D:5      | HP: 1/50 [Edmund/+2 dire flail of protection (8)]
  5310 | D:5      | Killed Edmund
  5718 | D:5      | Noticed Prince Ribbit
  5921 | D:5      | Reached skill level 9 in Long Blades
  5921 | D:5      | Gained mutation: You have very sharp fingernails. [demonic
                  | ancestry]
  5921 | D:5      | Reached XP level 8. HP: 56/56 MP: 8/8
  5949 | D:5      | Noticed Grinder
  5963 | D:5      | Paralysed by Grinder for 6 turns
  5968 | D:5      | Killed Grinder
  6376 | D:5      | Found a stormy altar of Qazlal.
  6802 | D:5      | Killed Prince Ribbit
  6803 | D:5      | Reached skill level 10 in Long Blades
  7125 | D:6      | Found a staircase to the Ecumenical Temple.
  7718 | Temple   | Entered the Ecumenical Temple
  7860 | Temple   | Became a worshipper of Makhleb the Destroyer
  8023 | D:6      | Reached skill level 1 in Invocations
  8027 | D:6      | Reached skill level 11 in Long Blades
  8027 | D:6      | Gained mutation: A weak demonic guardian rushes to your
                  | aid. [demonic ancestry]
  8027 | D:6      | Reached XP level 9. HP: 47/61 MP: 10/10
  8754 | D:7      | Reached * piety under Makhleb
  8868 | D:7      | Found a radiant altar of Vehumet.
  9207 | D:7      | Reached skill level 1 in Armour
  9207 | D:7      | Reached skill level 1 in Shields
  9766 | D:8      | Noticed Joseph
  9795 | D:8      | Killed Joseph
  9796 | D:8      | Reached skill level 5 in Invocations
 10064 | D:8      | Found a staircase to the Lair.
 10175 | D:8      | Gained mutation: A demonic guardian rushes to your aid.
                  | [demonic ancestry]
 10175 | D:8      | Reached XP level 10. HP: 66/68 MP: 14/14
 10219 | D:8      | Reached ** piety under Makhleb
 10438 | D:8      | Noticed Grum
 10455 | D:8      | Killed Grum
 10573 | D:8      | Found a hazy altar of Hepliaklqana.
 10573 | D:8      | Found a broken altar of Ashenzari.
 11005 | D:9      | Found an ornate altar of the Wu Jian Council.
 11135 | D:9      | Noticed Erolcha
 11148 | D:9      | Cast into level 2 of the Abyss (Erolcha)
 11202 | Abyss:2  | Noticed a starcursed mass
 11236 | D:9      | Escaped the Abyss
 11544 | D:9      | Cast into level 1 of the Abyss (Erolcha)
 11592 | Abyss:1  | Noticed a wretched star
 11613 | Abyss:1  | Killed from afar by a wretched star

Illustrated notes

Levels and vault maps discovered:
D:1:      saegor_arrival_simple_a, layout_loops_ring, minmay_misc_feat_rows
D:2:      layout_basic, lemuel_round_altar, grunt_dithmenos_smoke_and_mirrors
D:3:      layout_basic
D:4:      layout_basic, nicolae_gozag_cash_rules_everything_around_me,
          uniq_robin
D:5:      layout_gridville, old_standard_altar,
          nicolae_qazlal_general_emergency, bloody_trog, uniq_grinder,
          uniq_prince_ribbit1, uniq_edmund
D:6:      layout_cave_pools, minmay_temple_entry_purple_smoke
D:7:      layout_rooms, kennysheep_mini_moat
D:8:      layout_loops_ring, chequers_temple_overflow_statue_of_worship,
          erik_lair_orcish_takeover, uniq_grum, uniq_joseph
D:9:      layout_cave_pods, nicolae_wu_jian_wuxing_cycle, zombieorc2_lemuel,
          basic_altar, uniq_erolcha
Temple:   nicolae_temple_figure_eight
Abyss:1:  base:
D:1

Skill      XL: |  1  2  3  4  5  6  7  8  9 10 |
---------------+-------------------------------+-----
Long Blades    | 3 4 5 6 7 9 11 | 11.7
Invocations    | 1 5 6 |  6.5
Dodging        | 3 4 |  4.6
Armour         | 2 3 |  3.3
Shields        | 2 3 |  3.4
Fighting       | 3 4 |  4.4
Throwing       | |  1.7

Action                   |  1- 3 |  4- 6 |  7- 9 | 10-12 || total
-------------------------+-------+-------+-------+-------++-------
Melee: Long sword        |    78 |    88 |   440 |   119 ||   725
  Use: Scroll            |       |       |     5 |       ||     5
       Potion            |       |       |     2 |       ||     2
 Stab: Distracted        |       |       |       |     1 ||     1
Armor: Ring mail         |    31 |    35 |    26 |       ||    92
       Leather armour    |     2 |       |       |       ||     2
       Chain mail        |       |       |    22 |       ||    22
       Plate armour      |       |       |   122 |    47 ||   169
       Skin              |       |       |    53 |       ||    53
Dodge: Dodged            |    55 |    38 |   110 |    20 ||   223
Block: Buckler           |       |       |    55 |    29 ||    84
       Rpst.: Long sword |    20 |    14 |    27 |    11 ||    72

Table legend: (Time is in decaauts)
 A = Elapsed time spent in this place.
 B = Non-inter-level travel time spent in this place.
 C = Inter-level travel time spent in this place.
 D = Time resting spent in this place.
 E = Time spent auto-exploring this place.
 F = Levels seen in this place.
 G = Mean time per level.
                   A        B        C        D        E       F      G
               +--------+--------+--------+--------+--------+-----+--------+
         Total |  11634 |  11410 |    224 |   2470 |   6508 |  12 |  969.5 |
       Dungeon |  11290 |  11066 |    224 |   2467 |   6347 |   9 | 1254.4 |
        Temple |    189 |    189 |      0 |      0 |    137 |   1 |  189.0 |
         Abyss |    155 |    155 |      0 |      3 |     24 |   2 |   77.5 |
               +--------+--------+--------+--------+--------+-----+--------+

Top non-repeatable levels by time:
     D:5: 2441 daAuts
     D:8: 1652 daAuts
     D:2: 1605 daAuts
     D:3: 1532 daAuts
     D:4: 1135 daAuts
     D:6: 1074 daAuts
     D:7: 857 daAuts
     D:1: 769 daAuts
     D:9: 220 daAuts
  Temple: 189 daAuts
 Abyss:2: 87 daAuts
 Abyss:1: 67 daAuts
